 Dungeon Crawl Stone Soup version 0.29-a0-43-g62a80824bf (webtiles) character file.

Game seed: 11933070210754956074

35 testman the Insei (level 3, -13/24 HPs)
             Began as an Octopode Transmuter on Feb 2, 2022.
             Was a Follower of Zin.
             Mangled by an ogre (33 damage)
             ... on level 3 of the Dungeon.
             The game lasted 00:03:29 (2308 turns).

testman the Insei (Octopode Transmuter)             Turns: 2308, Time: 00:03:30

Health: -13/24     AC:  1    Str: 11    XL:     3   Next: 33%
Magic:  6/6        EV: 13    Int: 15    God:    Zin [*.....]
Gold:   45         SH:  0    Dex: 12    Spells: 5/6 levels left

rFire   . . .      SeeInvis .     - Unarmed
rCold   . . .      Faith    .   (no shield)
rNeg    . . .      Spirit   .   (helmet restricted)
rPois   .          Reflect  .   (no amulet)
rElec   .          Harm     .   (no ring)
rCorr   .          Rampage  .   (no ring)
Will    .....                   (no ring)
Stlth   ++........              (no ring)
HPRegen 0.08/turn               (no ring)
MPRegen 0.10/turn               (no ring)
                                (no ring)
                                (no ring)

@: no status effects
A: almost no armour, amphibious, 8 rings, camouflage 1, gelatinous body 1,
(nimble swimmer 1), tentacles
a: Renounce Religion, Recite, Donate Gold


You were on level 3 of the Dungeon.
You worshipped Zin.
Zin was aware of your devotion.
You visited 1 branch of the dungeon, and saw 3 of its levels.

You collected 50 gold pieces.
You donated 5 gold pieces to Zin.

Inventory:

Scrolls
 a - a scroll of immolation {unknown}
 c - 2 scrolls of teleportation {unknown}
 d - a scroll of summoning {unknown}
 e - a scroll of noise {unknown}
 g - a scroll of enchant armour {unknown}
 h - a scroll of magic mapping {unknown}
 j - a scroll of identify {unknown}
Potions
 b - a potion of cancellation {unknown}
 f - a potion of experience {unknown}
 i - a potion of might {unknown}


   Skills:
 + Level 2.3 Fighting
 - Level 2.0 Dodging
 + Level 3.7 Unarmed Combat
 - Level 2.0 Spellcasting
 - Level 2.0 Transmutations


You had 5 spell levels left.
You knew the following spells:

 Your Spells              Type           Power      Damage    Failure   Level
a - Beastly Appendage     Tmut           14%        N/A       10%         1

Your spell library contained the following spells:

 Spells                   Type           Power      Damage    Failure   Level
 Wereblood                Tmut           7%         N/A       14%         2
 Spider Form              Tmut/Pois      4%         N/A       41%         3
 Ice Form                 Ice/Tmut       4%         N/A       82%         4


Dungeon Overview and Level Annotations

Branches:
Dungeon (3/15)

Altars:
Zin


Innate Abilities, Weirdness & Mutations

You cannot wear most types of armour.
You are amphibious.
You can wear up to eight rings at the same time.
Your skin changes colour to match your surroundings (Stealth+).
Your rubbery body absorbs attacks. (AC +1, EV +1)
((You are camouflaged when in or above water. (Stealth+)))
You have tentacles for arms and can constrict up to eight enemies at once.


Message History

You tentacle-slap the adder. You grab the adder.
The adder is heavily wounded.
You constrict the adder.
You feel sick. The adder bites you.
You tentacle-slap the adder.
You kill the adder!
You feel sick.
You feel sick.
You feel sick.
You feel sick.
You feel sick.
You feel sick.
You are no longer poisoned.
HP restored.
j - a scroll labelled UNALYE DIEBOOL No target in view!
No target in view!
A ball python comes into view.
A ball python is nearby!
An ogre comes into view. It is wielding a +0 giant club.
The helpless ball python fails to defend itself.
You tentacle-slap the ball python. Your grab misses the ball python.
Your squeeze misses the ball python.
The ball python is moderately wounded.
The ball python bites you. The ball python closely misses you.
You tentacle-slap the ball python but do no damage.
You grab the ball python.
The ball python is moderately wounded.
You constrict the ball python. The ball python closely misses you.
The ball python grabs you. The ball python constricts you.
The ball python bites you. The ball python constricts you.
You tentacle-slap the ball python but do no damage.
The ball python is severely wounded.
You constrict the ball python.
You kill the ball python!
The ogre shouts!
The ogre barely misses you.
You tentacle-slap the ogre but do no damage.
The ogre hits you with a +0 giant club!!
Ouch! That really hurt!
You die...

#######.#########..
##
...................
#######..#####..#..
##.####..#
#......####
###.......#
##.#####..
...######..#
#....O@.†##
##.#######


You could see an ogre.

Vanquished Creatures
  An adder (D:3)
  4 ball pythons
  2 endoplasms
  2 giant cockroaches (D:1)
  4 goblins
  A hobgoblin (D:1)
  2 quokkas (D:1)
  2 frilled lizards
  3 kobolds (D:1)
  3 rats
24 creatures vanquished.

Notes
Turn   | Place    | Note
-------+----------+-------------------------------------------
     0 | D:1      | testman the Octopode Transmuter began the quest for the
                  | Orb.
     0 | D:1      | Reached XP level 1. HP: 13/13 MP: 3/3
    71 | D:1      | Found a faded altar of an unknown god.
    74 | D:1      | Prayed at the altar of an unknown god.
    74 | D:1      | Became a worshipper of Zin the Law-Giver
    74 | D:1      | Reached * piety under Zin
   420 | D:1      | Reached XP level 2. HP: 13/18 MP: 5/5
  2037 | D:3      | Reached XP level 3. HP: 24/24 MP: 6/6
  2301 | D:3      | Noticed an ogre
  2308 | D:3      | Mangled by an ogre

Illustrated notes

Levels and vault maps discovered:
D:1:      roderic_octagonal_star, layout_loops_ring, serial_rivers,
          chequers_serial_rivers_micro_a, chequers_serial_rivers_micro_a,
          chequers_serial_rivers_micro_c, chequers_serial_rivers_micro_e,
          chequers_serial_rivers_micro_e, hellmonk_ecumenical_altar_heavens_door
D:2:      layout_basic, minmay_misc_feat_cross, bh_walls_and_bars
D:3:      layout_rooms

Skill      XL: |  1  2 |
---------------+-------+-----
Fighting       | 2 |  2.3
Dodging        | |  2.0
Unarmed Combat | |  3.7
Spellcasting   | |  2.0
Transmutations | |  2.0

Action                   || total
-------------------------++-------
Melee: Unarmed           ||    44
       Constrict         ||    11
       Tentacles         ||     6
 Cast: Beastly Appendage ||     2
 Stab: Sleeping          ||     9
Armor: Skin              ||     3
Dodge: Dodged            ||    19

Table legend: (Time is in decaauts)
 A = Elapsed time spent in this place.
 B = Non-inter-level travel time spent in this place.
 C = Inter-level travel time spent in this place.
 D = Time resting spent in this place.
 E = Time spent auto-exploring this place.
 F = Levels seen in this place.
 G = Mean time per level.
                   A        B        C        D        E       F      G
               +--------+--------+--------+--------+--------+-----+--------+
         Total |   2304 |   2274 |     30 |      0 |   2093 |   3 |  768.0 |
       Dungeon |   2304 |   2274 |     30 |      0 |   2093 |   3 |  768.0 |
               +--------+--------+--------+--------+--------+-----+--------+

Top non-repeatable levels by time:
     D:1: 1175 daAuts
     D:2: 855 daAuts
     D:3: 274 daAuts
